 Dungeon Crawl Stone Soup version 0.28.0-45-g0d030f2227 (webtiles) character file.

Game seed: 12458200849999721421

445 Icepheonix32 the Insei (level 7, -1/73 HPs)
             Began as a Merfolk Transmuter on Apr 16, 2022.
             Succumbed to a killer bee's poison
             ... on level 5 of the Dungeon.
             The game lasted 00:05:39 (2918 turns).

Icepheonix32 the Insei (Merfolk Transmuter)         Turns: 2918, Time: 00:05:39

Health: -1/73      AC:  2    Str: 11    XL:     7   Next: 3%
Magic:  8/11       EV: 13    Int: 16    God:
Gold:   112        SH:  0    Dex: 14    Spells: 6/12 levels left

rFire   . . .      SeeInvis .   k - +7 dagger of the Walnut {speed, Int+2}
rCold   . . .      Faith    .   (no shield)
rNeg    . . .      Spirit   .   a - +0 robe
rPois   .          Reflect  .   (helmet currently unavailable)
rElec   .          Harm     .   (no cloak)
rCorr   .          Rampage  .   (no gloves)
Will    .....                   (boots currently unavailable)
Stlth   ..........              (no amulet)
HPRegen 0.22/turn               (no ring)
MPRegen 0.12/turn               (no ring)

@: berserking (expiring), lethally poisoned (-1 -> -14), appendages,
wereblooded, very quick
A: horns 2, (nimble swimmer 2), mertail
a: End Transformation


You were on level 5 of the Dungeon.
You had temporarily grown beastly horns.
You visited 1 branch of the dungeon, and saw 4 of its levels.

You collected 112 gold pieces.

Inventory:

Hand Weapons
 k - the +7 dagger of the Walnut (weapon) {speed, Int+2}
   (You found it on level 2 of the Dungeon)

   Attacks with this weapon are significantly faster.
   Int:       It affects your intelligence (+2).
Armour
 a - a +0 robe (worn)
 l - a scarf of harm
Jewellery
 c - a ring of protection from cold
Wands
 i - a wand of digging (3)
 j - a wand of paralysis (2)
Scrolls
 d - a scroll of immolation {unknown}
 e - a scroll of noise {unknown}
 g - a scroll of holy word
 n - 2 scrolls of identify
 o - a scroll of blinking {unknown}
Potions
 f - a potion of cancellation
 h - a potion of curing {unknown}
 m - 2 potions of lignification {unknown}


   Skills:
 + Level 1.6 Fighting
 + Level 1.1 Short Blades
 + Level 3.7 Dodging
 + Level 1.0 Stealth
 * Level 5.5 Unarmed Combat
 + Level 3.0 Spellcasting
 * Level 5.5 Transmutations
 * Level 1.9 Poison Magic


You had 6 spell levels left.
You knew the following spells:

 Your Spells              Type           Power      Damage    Failure   Level
a - Beastly Appendage     Tmut           40%        N/A       1%          1
b - Wereblood             Tmut           20%        N/A       3%          2
c - Spider Form           Tmut/Pois      14%        N/A       12%         3

Your spell library contained the following spells:

 Spells                   Type           Power      Damage    Failure   Level
 Ignite Poison            Fire/Tmut/Pois 10%        N/A       21%         3
 Conjure Flame            Conj/Fire      2%         6-21      50%         3
 Ice Form                 Ice/Tmut       11%        N/A       52%         4
 Sticky Flame             Conj/Fire      2%         2d3       88%         4


Dungeon Overview and Level Annotations

Branches:
Dungeon (3/15)

Altars:


Innate Abilities, Weirdness & Mutations

You have temporarily grown beastly horns.
((You are very nimble when in or above water. (Stealth+, EV+, Speed+++)))
Your lower body shifts to a powerful aquatic tail in water.


Message History

You are lethally poisoned!
The killer bee poisons you!
Unknown command.
It was a potion of berserk rage.
A red film seems to cover your vision as you go berserk!
You feel yourself moving faster!
You feel mighty!
* * * LOW HITPOINT WARNING * * *
You feel very sick. The killer bee barely misses you.
The killer bee misses you.
You are too berserk!
You puncture the killer bee! Your punch misses the killer bee.
The killer bee is severely wounded.
You feel sick. The killer bee stings you!
* * * LOW HITPOINT WARNING * * *
You are more poisoned.
The killer bee poisons you!
You closely miss the killer bee.
The killer bee is severely wounded.
* * * LOW HITPOINT WARNING * * *
You feel very sick. The killer bee barely misses you.
You barely miss the killer bee.
The killer bee is severely wounded.
* * * LOW HITPOINT WARNING * * *
You feel sick. The killer bee misses you.
Unknown command.
You puncture the killer bee!
You feel a bit better.
You kill the killer bee!
* * * LOW HITPOINT WARNING * * *
You feel sick.
Your Spellcasting skill increases to level 3!
You have reached level 7!
Unknown command.
Okay, then.
You are too berserk!
* * * LOW HITPOINT WARNING * * *
You feel very sick.
Unknown command.
You feel a strong urge to attack something.
You die...

#..# #..# ########..#
#.........# #.######.##
#.# #.# #### #.# #.#
####..... #.#
#.###########........ #.#
#........@..†.##.#### #.#
#######.#####.# #.#
##............#
#.##########..>..###.##..#
#.................##?# .#
############.....###.# #
##...## #.. ##.## ### #.#


There were no monsters in sight!

Vanquished Creatures
  Eustachio (D:5)
  2 killer bees (D:5)
  A howler monkey (D:5)
  A jelly (D:5)
  Natasha (thrice) (D:2)
  An iguana (D:5)
  A worm (D:2)
  3 dart slugs
  3 bats (D:1)
  3 endoplasms
  3 giant cockroaches (D:1)
  7 goblins
  7 hobgoblins
  3 kobolds
  A quokka (D:2)
  5 ball pythons
  3 frilled lizards
  5 rats
53 creatures vanquished.

Vanquished Creatures (others)
  A plant (D:1)
1 creature vanquished.

Grand Total: 54 creatures vanquished

Notes
Turn   | Place    | Note
-------+----------+-------------------------------------------
     0 | D:1      | Icepheonix32 the Merfolk Transmuter began the quest for the
                  | Orb.
     0 | D:1      | Reached XP level 1. HP: 15/15 MP: 3/3
   349 | D:1      | Reached XP level 2. HP: 18/21 MP: 3/5
   964 | D:1      | Reached XP level 3. HP: 26/26 MP: 4/6
  1426 | D:2      | Noticed Natasha
  1564 | D:1      | Learned a level 2 spell: Wereblood
  1568 | D:1      | Learned a level 3 spell: Spider Form
  1619 | D:2      | Killed Natasha
  1620 | D:2      | Reached XP level 4. HP: 26/32 MP: 2/7
  1745 | D:2      | Found a faded altar of an unknown god.
  1964 | D:2      | Noticed Natasha
  1974 | D:2      | Killed Natasha
  2033 | D:2      | Identified the +7 dagger of the Walnut {speed, Int+2}
  2299 | D:2      | Noticed Natasha
  2306 | D:2      | Killed Natasha
  2307 | D:2      | Reached XP level 5. HP: 32/37 MP: 6/8
  2458 | D:3      | You fall into a shaft and drop 2 floors!
  2458 | D:5      | Entered Level 5 of the Dungeon
  2576 | D:5      | Noticed Eustachio
  2607 | D:5      | Killed Eustachio
  2608 | D:5      | Reached skill level 5 in Unarmed Combat
  2608 | D:5      | Reached skill level 5 in Transmutations
  2608 | D:5      | Reached skill level 1 in Poison Magic
  2608 | D:5      | Reached XP level 6. HP: 26/43 MP: 8/10
  2910 | D:5      | Reached skill level 1 in Short Blades
  2910 | D:5      | Reached skill level 1 in Stealth
  2915 | D:5      | HP: 2/64 [poisoned by a killer bee]
  2917 | D:5      | Reached XP level 7. HP: 4/49 MP: 8/11
  2918 | D:5      | Succumbed to a killer bee's poison

Illustrated notes

Levels and vault maps discovered:
D:1:      nicolae_arrival_washed_ashore, layout_basic,
          minmay_large_rounded_square, serial_park_tiny_pond,
          chequers_big_river, serial_park_tiny_2, minmay_ruptured
D:2:      layout_basic, shapermc_ecumenical_altar_starsandcircs, uniq_natasha
D:3:      layout_rooms, minmay_overflow_temple_star_quad,
          hellmonk_ghost_happy_afterlife, dk_noncrumbling_2
D:5:      layout_loops_ring, minmay_temple_entry_proselytizer, uniq_pikel,
          uniq_eustachio

Skill      XL: |  1  2  3  4  5  6 |
---------------+-------------------+-----
Dodging        | 3 |  3.7
Unarmed Combat | 4 5 |  5.5
Transmutations | 3 4 5 |  5.5
Poison Magic   | 1 |  1.9
Short Blades   | 1 |  1.1
Stealth        | 1 |  1.0
Spellcasting   | 3 |  3.0
Fighting       | |  1.6

Action                   |  1- 3 |  4- 6 |  7- 9 || total
-------------------------+-------+-------+-------++-------
Melee: Unarmed           |    91 |    28 |       ||   119
       Punch             |     2 |     1 |       ||     3
       Tailslap          |     2 |       |       ||     2
       Headbutt          |     8 |     9 |       ||    17
       Dagger            |       |    43 |       ||    43
 Cast: Beastly Appendage |    21 |    14 |       ||    35
       Wereblood         |       |     1 |       ||     1
  Use: Scroll            |       |     2 |       ||     2
       Potion            |       |     1 |       ||     1
 Stab: Sleeping          |     1 |     1 |       ||     2
Armor: Robe              |    13 |    11 |       ||    24
Dodge: Dodged            |    61 |    48 |       ||   109
